 Dungeon Crawl Stone Soup version 0.26-a0-597-gb535b0901c (webtiles) character file.

Game seed: 17887126852247015704

(classic levelgen) 23593 EnegeticOcto the Cleaver (level 12, 0/112 HPs)
             Began as a Deep Dwarf Fighter on Aug 26, 2020.
             Was a High Priest of Makhleb.
             Slain by Frances
             ... wielding a +2 flail of draining
              (4 damage)
             ... on level 13 of the Dungeon.
             The game lasted 00:06:17 (6487 turns).

EnegeticOcto the Cleaver (Deep Dwarf Fighter)       Turns: 6487, Time: 00:06:18

Health: 0/112      AC: 16    Str: 25    XL:     12   Next: 73%
Magic:  0/0        EV: 10    Int:  9    God:    Makhleb [*****.]
Gold:   511        SH: 11    Dex: 12    Spells: 11/11 levels left

rFire    . . .     SeeInvis +   m - +1 war axe
rCold    + . .     Faith    .   c - +0 kite shield
rNeg     . . .     Spirit   .   w - +0 plate armour
rPois    .         Reflect  .   r - +0 mask of the Dragon {MR+ Slay+3 SInv}
rElec    .         Harm     .   p - +0 cloak
rCorr    .                      h - +0 pair of gloves
MR       ++...                  (no boots)
Stlth    ..........             (no amulet)
HPRegen  0.00/turn              s - ring of protection from cold
MPRegen  0.07/turn              e - +4 ring of evasion

@: non-regenerating, heavily drained
A: damage resistance, heal wounds, sense surroundings 2, no regeneration
a: Heal Wounds, Minor Destruction, Lesser Servant of Makhleb, Major Destruction,
Greater Servant of Makhleb, Renounce Religion


You were on level 13 of the Dungeon.
You worshipped Makhleb.
Makhleb was extremely pleased with you.
You visited 2 branches of the dungeon, and saw 13 of its levels.

You collected 511 gold pieces.

Inventory:

Hand Weapons
 m - a +1 war axe (weapon)
 A - a +2 short sword of distortion
Armour
 c - a +0 kite shield (worn)
 h - a +0 pair of gloves (worn)
 p - a +0 cloak (worn)
 r - the +0 mask of the Dragon (worn) {MR+ Slay+3 SInv}
   (You found it on level 8 of the Dungeon)

   It affects your accuracy and damage with ranged weapons and melee attacks
   (+3).
   It affects your resistance to hostile enchantments.
   It lets you see invisible.
 w - a +0 plate armour (worn)
Jewellery
 e - a +4 ring of evasion (right hand)
 s - a ring of protection from cold (left hand)
 z - a +6 ring of strength
Wands
 b - a wand of iceblast (4)
 q - a wand of flame (47) {@v4}
 x - a wand of polymorph (3)
 B - a wand of digging (5) {@v3}
Scrolls
 j - 4 scrolls of remove curse {@r2}
 n - 5 scrolls of teleportation {@r3}
 o - 3 scrolls of enchant armour
 u - 2 scrolls of fog
 y - a scroll of immolation {@r4}
Potions
 d - 3 potions of might {@q3}
 f - a potion of mutation
 g - a potion of cancellation
 i - a potion of curing {@q1}
 k - 2 potions of brilliance
 l - 5 potions of heal wounds {@q2}
 v - 3 potions of ambrosia
Miscellaneous
 t - a phantom mirror


   Skills:
 + Level 8.8(6.4) Fighting
 * Level 13.9(11.1) Axes
 + Level 10.5(8.0) Armour
 + Level 10.5(7.9) Shields
 + Level 9.6(7.1) Invocations


You had 11 spell levels left.
You didn't know any spells.
Your spell library was empty.

Dungeon Overview and Level Annotations

Branches:
Dungeon (13/15)            Temple (1/1) D:7             Orc (0/2) D:9
   Lair: D:8-11      Vaults: D:13-14

Altars:
Ashenzari
Cheibriados
Hepliaklqana
Kikubaaqudgha
Makhleb
Okawaru
Ru
Trog
Uskayaw
Vehumet
Wu Jian
Xom
Yredelemnul
The Shining One

Annotations:
D:13 Frances


Innate Abilities, Weirdness & Mutations

You are resistant to damage.
You can heal yourself by infusing magical energy.
You passively map the area around you.
You do not regenerate.


Message History

You are too injured to fight recklessly!
You are too injured to fight recklessly!
You are too injured to fight recklessly!
You are too injured to fight recklessly!
You are too injured to fight recklessly!
You are too injured to fight recklessly!
You are too injured to fight recklessly!
You are too injured to fight recklessly!
You are too injured to fight recklessly!
You are too injured to fight recklessly!
You are too injured to fight recklessly!
You are too injured to fight recklessly!
You are too injured to fight recklessly!
You are too injured to fight recklessly!
Your magical essence is drained by the effort!
You feel much better.
You are engulfed in a cloud of scalding steam.
Frances chants phrases taken from a devil's mouth.
Frances seems to speed up.
You block the steam dragon's attack. x2
You don't have enough innate magic capacity.
A demon appears!
Frances hits you but does no damage.
You feel drained. The steam dragon breathes steam at you.
The ball of steam hits you. The ball of steam misses your neqoxec.
You don't have enough innate magic capacity.
You don't have enough innate magic capacity.
You don't have enough innate magic capacity.
You don't have enough innate magic capacity.
You slash Frances!
Frances is lightly wounded.
You closely miss the steam dragon.
You are engulfed in a cloud of scalding steam.
Frances is engulfed in a cloud of scalding steam.
Frances hits you with a +2 flail of draining!
You feel drained.
Frances runs a finger over her scar.
Frances barely misses you. You block the steam dragon's attack. x2
Your neqoxec is engulfed in a cloud of scalding steam.
Your neqoxec gestures.
You hit Frances.
Frances is lightly wounded.
You hit the steam dragon.
You are engulfed in a cloud of scalding steam.
Frances is engulfed in a cloud of scalding steam.
Frances says, "I have seen worlds and universes beyond all imagining."
Frances screams a word of power!
The steam dragon bites you but does no damage.
You block the steam dragon's attack.
You slash Frances!
Frances is moderately wounded.
You slash the sun demon! You slash the steam dragon!
Your neqoxec is engulfed in a cloud of scalding steam.
Your neqoxec gestures.
Frances hits you with a +2 flail of draining!!
* * * LOW HITPOINT WARNING * * *
You feel drained.
* * * LOW HITPOINT WARNING * * *
The sun demon barely misses you.
The steam dragon bites you but does no damage.
You block the steam dragon's attack.
You hit Frances.
Frances is moderately wounded.
You slash the steam dragon!
You kill the steam dragon!
Makhleb accepts your kill.
You feel better.
You hit the sun demon.
Frances mutters in a terrible tongue.
Your neqoxec is engulfed in a cloud of scalding steam.
You block the sun demon's attack.
Frances hits you with a +2 flail of draining!
* * * LOW HITPOINT WARNING * * *
You feel drained.
* * * LOW HITPOINT WARNING * * *
You slash Frances!
Frances is moderately wounded.
You closely miss the sun demon.
Your ufetubus is engulfed in a cloud of scalding steam.
You block the sun demon's attack. Frances barely misses you.
You hit Frances.
Frances is heavily wounded.
You hit the sun demon but do no damage.
Your quasit disappears in a puff of smoke!
Your ufetubus is engulfed in a cloud of scalding steam.
Your ufetubus dies!
The sun demon hits you but does no damage.
Frances whispers indecipherable words.
You block the shard of ice.
You slash Frances!
Frances is heavily wounded.
You closely miss the sun demon.
Frances hits you with a +2 flail of draining!
* * * LOW HITPOINT WARNING * * *
You feel drained.
* * * LOW HITPOINT WARNING * * *
You block the sun demon's attack. The orange demon closely misses you.
You hit Frances.
Frances is heavily wounded.
You completely miss the sun demon.
You hit the rust devil but do no damage.
Frances hits you with a +2 flail of draining!
You die...

* ,, *, #* * .# *
##.### *.....# * *
########## .....# * *
*
,.........####3._..##*
+ *,
,.........'53@44.)...
,
,........5####@....##
,.........# #.<###
#######'## *..# *
#.......# *#.# *
###.####### #.# #...#
#####.#### ##'######
#........# * #.......#
#........# ,


You could see Frances (fast), a sun demon (summoned), an orange demon
(summoned), a rust devil (summoned), a friendly neqoxec (summoned), a friendly
crimson imp (summoned) and a friendly white imp (summoned).

Vanquished Creatures
  Snorg (D:13)
  3 centaur warriors (D:12)
  6 two-headed ogres (D:12)
  2 unseen horrors
  Pikel (D:5)
  A cyclops (D:13)
  2 ugly things (D:12)
  A manticore (D:10)
  2 guardian serpents (D:9)
  Maggie (D:9)
  3 meliai (D:12)
  3 trolls
  4 slime creatures (D:12)
  A hornet (D:12)
  2 hippogriffs
  Prince Ribbit (D:9)
  A wyvern (D:10)
  A wraith (D:10)
  6 yaks (D:9)
  4 humans (D:9)
  A steam dragon (D:13)
  4 vampire mosquitoes (D:12)
  An acid dragon (D:12)
  2 orc warriors
  3 ice beasts
  3 necrophages
  A phantom (D:9)
  A black bear (D:8)
  An eye of draining (D:9)
  5 ogres
  17 centaurs
  4 lemures (D:5)
  Blork the orc (D:6)
  3 big kobolds
  8 bullfrogs
  5 scorpions
  49 killer bees
  5 howler monkeys
  6 wights
  7 electric eels (D:12)
  3 bullfrog zombies
  2 quasits
  2 bullfrog skeletons
  2 centaur skeletons
  3 jellies
  3 orc priests
  7 hounds
  Crazy Yiuf (D:7)
  5 iguanas
  8 worker ants
  7 orc wizards
  A hell rat (D:12)
  8 adders
  3 shadow imps
  A white imp (D:6)
  2 ufetubi
  2 adder skeletons
  3 adder zombies
  2 worms
  A dart slug (D:4)
  3 leopard geckos
  25 orcs
  2 bats (D:1)
  3 giant cockroaches
  5 goblins
  2 hobgoblins
  2 quokkas
  A ball python (D:7)
  A frilled lizard (D:4)
  A jackal skeleton (D:4)
  13 kobolds
  A leopard gecko skeleton (D:4)
  A quokka skeleton (D:4)
  A quokka zombie (D:5)
  A rat (D:1)
301 creatures vanquished.

Notes
Turn   | Place    | Note
-------+----------+-------------------------------------------
     0 | D:1      | EnegeticOcto the Deep Dwarf Fighter began the quest for the
                  | Orb.
     0 | D:1      | Reached XP level 1. HP: 20/20 MP: 1/1
   230 | D:1      | Reached XP level 2. HP: 27/27 MP: 2/2
   515 | D:4      | Reached skill level 3 in Axes
   519 | D:4      | Reached XP level 3. HP: 23/33 MP: 3/3
   659 | D:4      | Reached XP level 4. HP: 42/42 MP: 4/4
   672 | D:4      | Reached skill level 4 in Axes
   672 | D:4      | Reached XP level 5. HP: 37/49 MP: 5/5
   972 | D:5      | Entered Level 5 of the Dungeon
  1027 | D:5      | Noticed a lemure
  1027 | D:5      | Noticed a lemure
  1027 | D:5      | Noticed Pikel
  1028 | D:5      | Noticed a lemure
  1029 | D:5      | Noticed a lemure
  1040 | D:5      | Killed a lemure
  1050 | D:5      | Killed a lemure
  1054 | D:5      | Killed a lemure
  1063 | D:5      | Killed a lemure
  1079 | D:5      | Killed Pikel
  1079 | D:5      | Reached skill level 5 in Axes
  1079 | D:5      | Reached skill level 5 in Armour
  1079 | D:5      | Reached skill level 5 in Shields
  1079 | D:5      | Reached XP level 6. HP: 57/57 MP: 6/6
  1079 | D:5      | Reached XP level 7. HP: 64/64 MP: 7/7
  1179 | D:5      | Reached skill level 6 in Axes
  1363 | D:5      | Reached XP level 8. HP: 35/73 MP: 8/8
  1368 | D:5      | Found a snail-covered altar of Cheibriados.
  1579 | D:6      | Reached skill level 7 in Axes
  1656 | D:6      | Noticed Blork the orc
  1668 | D:6      | Killed Blork the orc
  1703 | D:6      | Reached skill level 5 in Fighting
  1858 | D:6      | Found a radiant altar of Vehumet.
  1911 | D:6      | Reached skill level 8 in Axes
  2406 | D:7      | Found a radiant altar of Vehumet.
  2407 | D:7      | Found a glowing golden altar of the Shining One.
  2407 | D:7      | Found a sacrificial altar of Ru.
  2410 | D:7      | Found an ornate altar of the Wu Jian Council.
  2413 | D:7      | Found a bloodstained altar of Trog.
  2441 | D:7      | Gained mutation: You passively map the area around you.
                  | [Deep Dwarf growth]
  2441 | D:7      | Reached XP level 9. HP: 51/81 MP: 9/9
  2490 | D:7      | Found a staircase to the Ecumenical Temple.
  2500 | Temple   | Entered the Ecumenical Temple
  2519 | Temple   | Became a worshipper of Makhleb the Destroyer
  2686 | D:7      | Found a runed translucent door.
  2688 | D:7      | Noticed Crazy Yiuf
  2828 | D:7      | Killed Crazy Yiuf
  2930 | D:8      | Reached skill level 1 in Invocations
  3004 | D:8      | Found a shattered altar of Ashenzari.
  3071 | D:8      | Found an iron altar of Okawaru.
  3113 | D:8      | Reached skill level 9 in Axes
  3116 | D:8      | Found the +0 mask of the Dragon {MR+ Slay+3 SInv}
  3129 | D:8      | Reached * piety under Makhleb
  3764 | D:9      | Reached skill level 10 in Axes
  3764 | D:9      | Reached XP level 10. HP: 91/91 MP: 11/13
  3905 | D:9      | Reached ** piety under Makhleb
  3916 | D:9      | Found a staircase to the Orcish Mines.
  4093 | D:9      | Noticed a guardian serpent
  4125 | D:9      | Killed a guardian serpent
  4125 | D:9      | Reached skill level 5 in Invocations
  4195 | D:9      | Noticed Prince Ribbit
  4307 | D:9      | Noticed Maggie
  4319 | D:9      | Reached skill level 11 in Axes
  4331 | D:9      | Killed Maggie
  4468 | D:9      | Noticed a guardian serpent
  4482 | D:9      | Killed a guardian serpent
  4597 | D:9      | Found a shimmering altar of Xom.
  5036 | D:9      | Killed Prince Ribbit
  5050 | D:10     | Entered Level 10 of the Dungeon
  5109 | D:10     | Noticed a manticore
  5125 | D:10     | Killed a manticore
  5125 | D:10     | Reached XP level 11. HP: 75/100 MP: 11/11
  5173 | D:10     | You fall into a shaft and drop 2 floors!
  5174 | D:12     | Noticed an unseen horror
  5186 | D:12     | Killed an unseen horror
  5222 | D:12     | Reached *** piety under Makhleb
  5285 | D:12     | Noticed Sonja
  5311 | D:12     | Noticed Sonja
  5311 | D:12     | Sonja changed into Sonja the hornet
  5322 | D:12     | Killed Sonja the hornet
  5322 | D:12     | Reached skill level 12 in Axes
  5330 | D:12     | Noticed a centaur warrior
  5331 | D:12     | Noticed a two-headed ogre
  5331 | D:12     | Noticed a centaur warrior
  5405 | D:12     | Reached **** piety under Makhleb
  5430 | D:12     | Noticed a brown ugly thing
  5449 | D:12     | Killed a brown ugly thing
  5569 | D:12     | Noticed a two-headed ogre
  5569 | D:12     | Noticed a two-headed ogre
  5842 | D:12     | Noticed a brown ugly thing
  5881 | D:12     | Killed a brown ugly thing
  5881 | D:12     | Reached ***** piety under Makhleb
  6193 | D:12     | Noticed a centaur warrior
  6196 | D:12     | Noticed a two-headed ogre
  6204 | D:12     | Noticed a two-headed ogre
  6208 | D:12     | Reached XP level 12. HP: 51/110 MP: 10/10
  6212 | D:12     | Noticed a two-headed ogre
  6218 | D:12     | Killed a two-headed ogre
  6223 | D:12     | Killed a two-headed ogre
  6223 | D:12     | Reached skill level 13 in Axes
  6229 | D:12     | Killed a two-headed ogre
  6229 | D:12     | Reached skill level 10 in Armour
  6245 | D:12     | Killed a two-headed ogre
  6251 | D:12     | Killed a centaur warrior
  6251 | D:12     | Reached skill level 10 in Shields
  6259 | D:12     | Killed a centaur warrior
  6266 | D:12     | Killed a two-headed ogre
  6271 | D:12     | Killed a two-headed ogre
  6277 | D:12     | Killed a centaur warrior
  6370 | D:13     | Noticed Snorg
  6415 | D:13     | Killed Snorg
  6470 | D:13     | Found a basalt altar of Yredelemnul.
  6473 | D:13     | Noticed Frances
  6486 | D:13     | HP: 4/112 [Frances/+2 flail of draining (3)]
  6487 | D:13     | Slain by Frances

Illustrated notes

Levels and vault maps discovered:
D:1:      tarquinn_simple_flora_water_c, layout_loops_ring
D:2:      layout_basic, nicolae_tso_swordbearing_angel, uniq_robin
D:3:      kb_forest_paths, layout_basic, lemuel_doored_altar,
          nemelex_xobeh_ov_fountains_minmay, lightli_corner_chamber
D:4:      minmay_skewed_foursquare, layout_basic
D:5:      layout_rooms, old_standard_altar, uniq_pikel
D:6:      layout_cave_pods, basic_altar, kennysheep_generic_room_7,
          uniq_blork_the_orc
D:7:      layout_rooms, old_standard_altar, grunt_temple_overflow_open,
          minmay_temple_entry_grid, uniq_crazy_yiuf_cottage
D:8:      layout_basic, basic_altar, minmay_crystal_room, ashenzari_altar_1
D:9:      nrook_guardian_serpent_snake_passage, layout_layer_cave,
          lemuel_coloured_pillars_altar, minmay_ruffians, uniq_maggie,
          uniq_prince_ribbit1
D:10:     layout_basic, dpeg_lair_monsters, uniq_urug
D:12:     wad_woods_minihive, layout_basic, gauntlet_entry_generic, uniq_sonja
D:13:     layout_roguey, basic_altar, uniq_snorg, uniq_frances
Temple:   nicolae_temple_god_jail

Skill      XL: |  1  2  3  4  5  6  7  8  9 10 11 12 |
---------------+-------------------------------------+-----
Axes           | 3 4 5 6 8 10 11 12 13 | 13.9
Fighting       | 3 4 5 6 7 8 |  8.8
Armour         | 4 5 6 7 8 9 10 | 10.5
Shields        | 4 5 6 7 8 9 10 | 10.5
Invocations    | 4 6 8 9 |  9.6

Action                   |  1- 3 |  4- 6 |  7- 9 | 10-12 || total
-------------------------+-------+-------+-------+-------++-------
Melee: War axe           |    71 |    69 |   368 |   671 ||  1179
Invok: Lesser Servant of |       |       |       |     1 ||     1
 Abil: Heal Wounds       |     2 |     6 |     9 |    48 ||    65
Evoke: Wand              |       |       |       |     2 ||     2
  Use: Scroll            |       |       |    13 |     4 ||    17
       Potion            |       |       |       |     1 ||     1
Armor: Scale mail        |    36 |    55 |   152 |       ||   243
       Plate armour      |       |       |    39 |   434 ||   473
Dodge: Dodged            |    27 |    36 |   145 |   430 ||   638
Block: Kite shield       |    31 |    48 |   250 |   606 ||   935

Table legend: (Time is in decaauts)
 A = Elapsed time spent in this place.
 B = Non-inter-level travel time spent in this place.
 C = Inter-level travel time spent in this place.
 D = Time resting spent in this place.
 E = Time spent auto-exploring this place.
 F = Levels seen in this place.
 G = Mean time per level.
                   A        B        C        D        E       F      G
               +--------+--------+--------+--------+--------+-----+--------+
         Total |   6621 |   6319 |    302 |      0 |   4327 |  13 |  509.3 |
       Dungeon |   6592 |   6298 |    294 |      0 |   4314 |  12 |  549.3 |
        Temple |     28 |     20 |      8 |      0 |     13 |   1 |   28.0 |
               +--------+--------+--------+--------+--------+-----+--------+

Top non-repeatable levels by time:
     D:9: 1313 daAuts
    D:12: 1188 daAuts
     D:8: 879 daAuts
     D:6: 805 daAuts
     D:5: 575 daAuts
     D:7: 556 daAuts
     D:4: 526 daAuts
     D:1: 424 daAuts
    D:13: 132 daAuts
    D:10: 130 daAuts
     D:2: 33 daAuts
  Temple: 28 daAuts
     D:3: 26 daAuts
